 Dungeon Crawl Stone Soup version 0.20-a0-1089-g3fde505 (webtiles) character file.

3306 Fingolfin the Thaumaturge (level 9, -16/57 HPs)
             Began as a Mummy Wizard on May 3, 2017.
             Was an Initiate of Gozag.
             Demolished by a two-headed ogre
             ... wielding a +0 giant club
              (29 damage)
             ... on level 8 of the Dungeon.
             The game lasted 00:29:14 (10479 turns).

Fingolfin the Thaumaturge (Mummy Wizard)           Turns: 10479, Time: 00:29:15

Health: -16/57     AC:  6    Str: 11    XL:     9   Next: 70%
Magic:  2/27       EV: 12    Int: 20    God:    Gozag
Gold:   208        SH:  0    Dex: 10    Spells: 27/36 levels left

rFire    . . .     SeeInvis .   q - +3 short sword (drain)
rCold    + . .     Gourm    .   (no shield)
rNeg     + + +     Faith    .   e - +2 robe {MR+}
rPois    ∞         Spirit   .   p - +0 helmet
rElec    .         Reflect  .   (no cloak)
rCorr    .         Harm     .   (no gloves)
MR       ++...                  i - +0 pair of boots
Stlth    +++.......             (no amulet)
Regen    0.2/turn               k - ring of protection from fire
MPRegen  0.2/turn               s - ring of stealth

@: no status effects
A: no food or potions, fire vulnerability, cold resistance 1, negative energy
resistance 3, torment resistance, unbreathing
a: Potion Petition, Call Merchant, Bribe Branch, Renounce Religion


You were on level 8 of the Dungeon.
You worshipped Gozag.
Gozag was aware of your devotion.
You were not hungry.

You visited 2 branches of the dungeon, and saw 9 of its levels.

You collected 1009 gold pieces.
You spent 54 gold pieces at shops.
You paid 747 gold pieces to Gozag.

Inventory:

Hand Weapons
 q - a +3 short sword of draining (weapon)
Armour
 e - a +2 robe of magic resistance (worn)
 i - a +0 pair of boots (worn)
 p - a +0 helmet (worn)
 v - a +1 leather armour of cold resistance
Jewellery
 g - the ring "Vifuosu" {*Tele rC+}
   (You found it on level 8 of the Dungeon)

   [ring of teleportation]

   It may teleport you next to monsters.
   It protects you from cold.
 k - a ring of protection from fire (left hand)
 r - an uncursed ring of see invisible
 s - a ring of stealth (right hand)
Scrolls
 b - 3 scrolls of enchant armour
 d - 3 scrolls of blinking
 f - 5 scrolls of remove curse
 h - a scroll of fear {unknown}
 j - 3 scrolls of teleportation {unknown}
 l - a scroll of recharging {unknown}
 m - 3 scrolls of enchant weapon
 n - 3 scrolls of fog {unknown}
 o - a scroll of random uselessness {unknown}
 u - a scroll of magic mapping {unknown}
 w - a scroll of torment {unknown}
 x - a scroll of amnesia {unknown}
Books
 a - a book of Maledictions

   Spells                             Type                      Level
   a - Corona                         Hexes                        1
   b - Ensorcelled Hibernation        Hexes/Ice                    2
   c - Confuse                        Hexes                        3
   d - Tukima's Dance                 Hexes                        3
   e - Dazzling Spray                 Conjuration/Hexes            3
 c - a book of Minor Magic

   Spells                             Type                      Level
   a - Magic Dart                     Conjuration                  1
   b - Blink                          Translocation                2
   c - Call Imp                       Summoning                    2
   d - Slow                           Hexes                        2
   e - Conjure Flame                  Conjuration/Fire             3
   f - Mephitic Cloud                 Conjuration/Poison/Air       3
 t - a book of Misfortune

   Spells                             Type                      Level
   a - Confusing Touch                Hexes                        1
   b - Confuse                        Hexes                        3
   c - Gell's Gravitas                Translocation                3
   d - Petrify                        Transmutation/Earth          4
   e - Metabolic Englaciation         Hexes/Ice                    5
   f - Yara's Violent Unravelling     Hexes/Transmutation          5


   Skills:
 - Level 1.5 Dodging
 - Level 1.5 Stealth
 + Level 14.1 Spellcasting
 - Level 5.6 Conjurations
   Level 0.7 Summonings
 - Level 0.7 Translocations


You had 27 spell levels left.
You knew the following spells:

 Your Spells              Type           Power        Failure   Level  Hunger
a - Magic Dart            Conj           ####         1%          1    N/A
b - Blink                 Tloc           N/A          4%          2    N/A
c - Conjure Flame         Conj/Fire      ####....     4%          3    N/A
d - Mephitic Cloud        Conj/Pois/Air  ###.....     6%          3    N/A

Dungeon Overview and Level Annotations

Branches:
Dungeon (8/15)             Temple (1/1) D:4
   Lair: D:8-11

Altars:
Ashenzari
Cheibriados
Dithmenos
Elyvilon
Fedhas
Gozag
Kikubaaqudgha
Nemelex Xobeh
Qazlal
Sif Muna
Trog
Vehumet
Xom
Yredelemnul
Zin
The Shining One

Shops:
D:5 *   D:7 [


Innate Abilities, Weirdness & Mutations

You do not eat or drink.
Your flesh is vulnerable to fire.
You are immune to poison.
Your flesh is cold resistant. (rC+)
You are immune to negative energy. (rN+++)
You are immune to unholy pain and torment.
You can survive without breathing.


Message History

Aiming: Magic Dart
Press: ? - help, Shift-Dir - straight line, f/p - two-headed ogre
Aim: a two-headed ogre, wielding two giant clubs (almost dead)
The magic dart hits the two-headed ogre.
The two-headed ogre is almost dead.
Casting: Magic Dart
Confirm with . or Enter, or press ? or * to list all spells.
Aiming: Mephitic Cloud
Press: ? - help, Shift-Dir - straight line, f/p - two-headed ogre
Aim: a two-headed ogre, wielding two giant clubs (almost dead)
The ball explodes into a vile cloud!
The stinking cloud engulfs the two-headed ogre.
The two-headed ogre is almost dead.
The stinking cloud engulfs you!
The two-headed ogre is engulfed in noxious fumes.
The two-headed ogre misses you.
The two-headed ogre hits you with a giant club!!
Ouch! That really hurt!
You die...
Your body crumbles into a pile of gold.

..........# #.
#............# ##.
##?...........# #..
#....%.......# ##.#
#...........#
#####..#
#..........##
##..##..# #.........#
#...##.##
#.....§§..####......#
##.@O§...##......##
######..........#
##.........#
#.........#
##........###
#........##.
##.......#..
#..........
#.........#


You could see a two-headed ogre.

Vanquished Creatures
  A two-headed ogre (D:5)
  Eustachio (D:5)
  Duvessa (D:5)
  2 sky beasts
  2 phantoms
  5 ogres
  The ghost of Alarkh the Chopper, an amateur DsBe of Trog (D:6)
  2 big kobolds (D:7)
  8 bullfrogs
  A wyvern zombie (D:7)
  A wyvern skeleton (D:8)
  A scorpion (D:8)
  Dowan (D:5)
  A howler monkey (D:5)
  A crimson imp (D:7)
  A jelly (D:6)
  A hound (D:7)
  3 orc wizards
  A bullfrog skeleton (D:7)
  6 worker ants
  3 iguanas
  2 hound skeletons (D:5)
  Robin (D:4)
  A howler monkey skeleton (D:4)
  6 adders
  3 shadow imps
  An ooze (D:3)
  An adder zombie (D:5)
  4 worms
  4 dart slugs
  6 leopard geckos
  17 orcs
  3 ball pythons
  11 bats
  7 giant cockroaches
  10 goblins
  10 hobgoblins
  5 jackals
  5 frilled lizards
  14 kobolds
  11 rats
  A butterfly (D:4)
167 creatures vanquished.

Notes
Turn   | Place    | Note
-------+----------+-------------------------------------------
     0 | D:1      | Fingolfin the Mummy Wizard began the quest for the Orb.
     0 | D:1      | Reached XP level 1. HP: 13/13 MP: 5/5
    18 | D:1      | Reached skill level 1 in Conjurations
   397 | D:1      | Reached XP level 2. HP: 19/19 MP: 4/7
   401 | D:1      | Learned a level 2 spell: Blink
  1334 | D:1      | Reached XP level 3. HP: 24/24 MP: 3/8
  2247 | D:2      | Learned a level 3 spell: Conjure Flame
  2251 | D:2      | Learned a level 3 spell: Mephitic Cloud
  2320 | D:2      | Found a stormy altar of Qazlal.
  2588 | D:3      | Found a snail-covered altar of Cheibriados.
  2639 | D:3      | Reached XP level 4. HP: 30/30 MP: 7/10
  3649 | D:4      | Noticed Robin
  3687 | D:4      | Killed Robin
  3802 | D:4      | Found a staircase to the Ecumenical Temple.
  3802 | D:4      | Noticed a phantom
  3841 | Temple   | Entered the Ecumenical Temple
  4131 | Temple   | Became a worshipper of Gozag Ym Sagoz the Greedy
  4245 | D:4      | Reached XP level 5. HP: 35/35 MP: 4/11
  4397 | D:4      | Killed a phantom
  4633 | D:4      | Reached skill level 5 in Conjurations
  4633 | D:4      | Reached XP level 6. HP: 41/41 MP: 4/12
  5273 | D:5      | Entered Level 5 of the Dungeon
  5331 | D:5      | Found a radiant altar of Vehumet.
  5333 | D:5      | Noticed a two-headed ogre
  5442 | D:5      | Found a basalt altar of Yredelemnul.
  5651 | D:5      | Noticed a sky beast
  5662 | D:5      | Killed a sky beast
  5662 | D:5      | Reached skill level 5 in Spellcasting
  5662 | D:5      | Reached XP level 7. HP: 26/46 MP: 4/15
  5816 | D:5      | Noticed Dowan
  5817 | D:5      | Noticed Duvessa
  5825 | D:5      | Killed Dowan
  5831 | D:5      | Killed Duvessa
  5831 | D:5      | Reached skill level 6 in Spellcasting
  6142 | D:5      | Reached skill level 7 in Spellcasting
  6172 | D:5      | Found Kuede's Assorted Antiques.
  6256 | D:5      | Bought a scroll labeled INOCEU WAEXE for 27 gold pieces
  6256 | D:5      | Bought a scroll labeled AWEIGU AGIADGH for 27 gold pieces
  6424 | D:5      | Noticed Eustachio
  6438 | D:5      | Killed Eustachio
  6438 | D:5      | Reached skill level 8 in Spellcasting
  6639 | D:5      | Reached XP level 8. HP: 52/52 MP: 14/20
  6668 | D:5      | Killed a two-headed ogre
  6668 | D:5      | Reached skill level 11 in Spellcasting
  7467 | D:6      | Reached XP level 9. HP: 39/57 MP: 8/24
  7472 | D:6      | Reached skill level 12 in Spellcasting
  7682 | D:6      | Noticed Alarkh's ghost (amateur DsBe)
  7868 | D:6      | Killed Alarkh's ghost
  8178 | D:6      | Found a glowing golden altar of the Shining One.
  8871 | D:7      | Reached skill level 13 in Spellcasting
  9875 | D:8      | Found a deep blue altar of Sif Muna.
 10191 | D:8      | Reached skill level 14 in Spellcasting
 10392 | D:8      | Got a pitted ivory ring
 10394 | D:8      | Identified the ring "Vifuosu" {*Tele rC+} (You found it on level 8 of the Dungeon)
 10452 | D:8      | Noticed a two-headed ogre
 10479 | D:8      | Demolished by a two-headed ogre

Vault maps used:
D:1:      lightli_arrival_quake
D:2:      grunt_qazlal_sundering, minmay_fountain_box
D:3:      kennysheep_slug_shrine, minmay_misc_feat_plants, minmay_hedge_maze
D:4:      minmay_temple_entry_butterflies, uniq_robin
D:5:      vehumet_crystals, first_bread, basic_altar, serial_shops,
          nicolae_shop_trees, uniq_eustachio, uniq_duvessa
D:6:      overflow_temple_1_default, hex_tiny, hangedman_decor_points
D:8:      minmay_overflow_temple_star_hex, overflow_temple_1_default,
          basic_altar
Temple:   dpeg_chambers_temple

Skill      XL: |  1  2  3  4  5  6  7  8  9 |
---------------+----------------------------+-----
Conjurations   | 1 2 3 4 5 |  5.6
Spellcasting   | 5 8 11 14 | 14.1
Dodging        | |  1.5
Stealth        | |  1.5
Summonings     | |  0.7
Translocations | |  0.7

Action                   |  1- 3 |  4- 6 |  7- 9 || total
-------------------------+-------+-------+-------++-------
Melee: Spear             |     8 |       |       ||     8
       Trident           |    19 |    51 |     7 ||    77
       Short sword       |       |       |    26 ||    26
 Cast: Magic Dart        |   116 |   143 |   307 ||   566
       Mephitic Cloud    |       |     9 |    17 ||    26
       Conjure Flame     |       |     5 |    22 ||    27
       Blink             |       |       |     2 ||     2
Invok: Call Merchant     |       |       |     1 ||     1
  Use: Scroll            |       |       |     5 ||     5
 Stab: Confused          |       |     2 |     4 ||     6
Armor: Robe              |     7 |     7 |    12 ||    26
Dodge: Dodged            |    31 |    28 |    54 ||   113
